AoeStats
← dragonlee66

Nomad

510699187Analyzed
4v4 RM · 13h ago on Oct 2, 2026· 45m 9s· 8 players
Game mode
Random Map
Map size
231×231
Population
200
Speed
Normal
Resources
Standard
Victory
Conquest
Starting age
Dark Age
Ending age
Imperial Age
RankedLock teamsTeams togetherTeam positionsShared explorationLock speedFull tech treeHidden civsTurbo modeCheats
Victory
Defeat
🇨🇳 Varangians · China
1108
+13
🇨🇳 Huns · China
1107
+13
🇨🇳 Bohemians · China
1099
+14
🇹🇼 Celts · Taiwan
1030
+16
🇪🇪 Hindustanis · Estonia
1115
-17
🇲🇽 Inca · Mexico
1052
-14
🇨🇦 Franks · Canada
1022
-13
🇺🇸 Varangians · United States
992
-12
Jason
3:17 Loom
13:43 Feudal Age
14:20 Double-Bit Axe
15:11 Wheelbarrow
14:30 Horse Collar
20:28 Castle Age
19:45 Gold Mining
19:45 Stone Mining
22:47 Bow Saw
28:20 Fletching
29:46 Hand Cart
30:08 Heavy Plow
30:34 Forging
30:24 Scale Mail Armor
36:44 Imperial Age
33:38 Man-at-Arms
34:23 Long Swordsman
34:49 Gambesons
35:06 Scale Mail Armor
35:41 Iron Casting
35:36 Town Watch
36:47 Arson
36:56 Two-Handed Swordsman
38:56 Blast Furnace
38:11 Chain Mail Armor
38:42 Conscription
38:11 Champion
41:11 Plate Mail Armor
42:27 Pikeman
dragonlee66
8:25 Loom
14:32 Feudal Age
15:42 Man-at-Arms
24:14 Castle Age
23:30 Horse Collar
24:58 Forging
24:50 Scale Mail Armor
24:20 Long Swordsman
26:11 Arson
26:44 Chain Mail Armor
26:51 Squires
27:02 Double-Bit Axe
28:58 Bow Saw
31:56 Fishing Lines
35:54 Heavy Plow
41:10 Imperial Age
40:54 Iron Casting
40:58 Wheelbarrow
41:02 Pikeman
41:57 Elite Hussite Wagon
44:50 Hand Cart
602406569
4:30 Loom
15:18 Feudal Age
15:45 Double-Bit Axe
33:54 Horse Collar
38:26 Horse Collar
44:28 Castle Age
42:41 Gold Mining
42:41 Stone Mining
44:07 Stone Mining
45:01 Bloodlines
zzx
6:35 Loom
14:47 Feudal Age
15:24 Fishing Lines
17:00 Double-Bit Axe
20:14 Castle Age
18:38 Double-Bit Axe
18:48 Stone Mining
20:24 Horse Collar
22:32 Gillnets
23:36 Gold Mining
25:35 Bloodlines
27:11 Fletching
28:23 Horse Collar
32:49 Imperial Age
31:36 Scale Barding Armor
31:34 Husbandry
31:50 Heavy Plow
32:29 Stone Shaft Mining
32:51 Chain Barding Armor
32:42 Forging
34:01 Conscription
35:32 Iron Casting
36:51 Plate Barding Armor
38:17 Elite Jarl
42:57 Conscription
43:56 Vendel Legacy
_DinosaursWillDie_
4:08 Loom
5:13 Loom
14:17 Feudal Age
14:43 Double-Bit Axe
14:40 Fishing Lines
16:31 Bloodlines
16:51 Scale Barding Armor
16:56 Town Watch
17:42 Forging
19:20 Wheelbarrow
22:09 Gold Mining
22:10 Stone Mining
24:42 Castle Age
23:04 Fletching
25:26 Gillnets
25:47 Medium Warships
27:09 Stone Shaft Mining
26:15 Horse Collar
27:27 Iron Casting
26:52 Scale Mail Armor
26:55 Squires
26:40 Arson
29:35 Husbandry
30:25 Hand Cart
30:31 Bow Saw
38:19 Ballistics
Stephen Ocka
5:28 Loom
12:09 Feudal Age
12:39 Town Watch
14:28 Double-Bit Axe
19:41 Fletching
21:21 Forging
24:10 Castle Age
27:04 Bodkin Arrow
36:12 Gold Mining
36:38 Bow Saw
40:53 Champi Runner
42:53 Scale Mail Armor
Bambam
15:04 Feudal Age
13:19 Loom
17:07 Stone Mining
17:08 Gold Mining
24:43 Castle Age
27:30 Fishing Lines
29:37 Double-Bit Axe
30:37 Wheelbarrow
31:16 Husbandry
33:24 Hand Cart
34:41 Forging
34:36 Scale Barding Armor
34:52 Fletching
39:20 Imperial Age
39:30 Cavalier
41:45 Iron Casting
41:31 Chain Barding Armor
42:12 Conscription
43:29 Paladin
maxokol
7:05 Loom
14:32 Feudal Age
15:17 Town Watch
17:11 Bloodlines
17:56 Scale Barding Armor
23:17 Castle Age
22:06 Forging
23:16 Double-Bit Axe
23:15 Horse Collar
24:48 Chain Barding Armor
23:54 Light Cavalry
31:14 Iron Casting
31:14 Fletching
40:14 Imperial Age
40:33 Heavy Camel Rider
43:16 Conscription
44:47 Plate Barding Armor
Connection lost

Rejoining the realm…

Still unreachable

The connection could not be restored.

Session expired

The server has moved on; the page needs a fresh start.